 Dungeon Crawl Stone Soup version 0.23.2-30-g0e89c35649 (webtiles) character file.

Game seed: 3076643749422735068

125 Matador8 the Vexing (level 4, 0/30 HPs)
             Began as a Vampire Enchanter on June 24, 2019.
             Killed by divine providence
             ... invoked by an orc priest
              (14 damage)
             ... on level 3 of the Dungeon.
             The game lasted 00:13:20 (3240 turns).

Matador8 the Vexing (Vampire Enchanter)             Turns: 3240, Time: 00:13:20

Health: 0/30       AC:  2    Str:  7    XL:     4   Next: 82%
Magic:  7/7        EV: 12    Int: 18    God:
Gold:   122        SH:  0    Dex: 14    Spells: 0/7 levels left

rFire    . . .     SeeInvis +   a - +1 dagger
rCold    + . .     Gourm    .   (no shield)
rNeg     + + .     Faith    .   b - +0 robe
rPois    +         Spirit   .   (no helmet)
rElec    .         Reflect  .   (no cloak)
rCorr    .         Harm     .   (no gloves)
MR       .....                  (no boots)
Stlth    ++........             (no amulet)
HPRegen  0.05/turn              (no ring)
MPRegen  0.10/turn              (no ring)

@: regenerating slowly, glowing
A: fangs 3, see invisible, unbreathing
a: Bat Form


You were on level 3 of the Dungeon.
You were thirsty.

You visited 1 branch of the dungeon, and saw 3 of its levels.

You collected 122 gold pieces.

Inventory:

Hand Weapons
 a - a +1 dagger (weapon)
Armour
 b - a +0 robe (worn)
Scrolls
 c - 2 scrolls of remove curse {unknown}
 e - 2 scrolls of fear {unknown}
 f - a scroll of blinking {unknown}
 i - 2 scrolls of fog {unknown}
 k - a scroll of identify {unknown}
 l - 2 scrolls of teleportation {unknown}
 r - a scroll of magic mapping {unknown}
Potions
 d - 18 potions of blood
 g - a potion of curing {unknown}
 h - a potion of invisibility {unknown}
 j - a potion of heal wounds {unknown}
 m - a potion of cancellation {unknown}
 n - a potion of berserk rage {unknown}
 o - a potion of agility {unknown}
 p - a potion of haste {unknown}
 q - a potion of mutation {unknown}


   Skills:
 - Level 4.0 Short Blades
 - Level 2.1 Dodging
 + Level 4.6 Stealth
 * Level 2.2 Spellcasting
 + Level 5.8 Hexes


You couldn't memorise any spells.
You knew the following spells:

 Your Spells              Type           Power        Failure   Level  Hunger
a - Corona                Hex            ###....      1%          1    #......
b - Confuse               Hex            ###.....     4%          3    ###....
c - Tukima's Dance        Hex            ###.....     4%          3    ###....

Your spell library contained the following spells:

 Spells                   Type           Power        Failure   Level  Hunger
 Ensorcelled Hibernation  Hex/Ice        ##....       9%          2    ##.....
 Dazzling Spray           Conj/Hex       ##....       16%         3    ###....


Dungeon Overview and Level Annotations

Branches:
Dungeon (3/15)

Altars:
Elyvilon
Makhleb
Zin


Innate Abilities, Weirdness & Mutations

You heal slowly.
You have razor-sharp teeth.
You have supernaturally acute eyesight. (SInv)
You can survive without breathing.


Message History

The hobgoblin is almost dead.
The hobgoblin hits you.
You barely miss the hobgoblin.
The hobgoblin is almost dead.
You hit the hobgoblin.
You kill the hobgoblin!
There is an open door here.
You close the door.
The angel preaches about Zin's Axioms of Law.
You start resting.
The angel begins a passionate sermon about keeping your body clean and pure.
Magic restored.
You start resting.
The angel preaches about the books of the Law.
The orc priest is too close now for your liking.
The green death roars!
As you open the door, it creaks loudly!
The orc priest invokes the aid of Beogh against you.
Beogh smites you!
You die...

# # # ########## ###
.........# #A#
########.# #####
#.####._.####
######....#...#..##
...........+...@...#
######..#.o....#...#
#...###._..##.....
##.# ###### ##.##
#.# #2# # #.. ###
###


You could see an angel, a green death and an orc priest.

Vanquished Creatures
  5 adders
  2 worms
  A dart slug (D:3)
  3 leopard geckos
  6 orcs
  11 bats
  7 goblins
  3 hobgoblins
  10 jackals
  5 kobolds
  2 quokkas
  2 frilled lizards
  4 rats
61 creatures vanquished.

Vanquished Creatures (others)
  A dancing weapon (D:3)
1 creature vanquished.

Grand Total: 62 creatures vanquished

Notes
Turn   | Place    | Note
-------+----------+-------------------------------------------
     0 | D:1      | Matador8 the Vampire Enchanter began the quest for the Orb.
     0 | D:1      | Reached XP level 1. HP: 13/13 MP: 3/3
   255 | D:1      | Reached XP level 2. HP: 13/19 MP: 3/5
  1022 | D:2      | Reached skill level 5 in Hexes
  1149 | D:2      | Reached XP level 3. HP: 24/24 MP: 4/6
  1200 | D:2      | Found a white marble altar of Elyvilon.
  1243 | D:2      | Learned a level 3 spell: Confuse
  2070 | D:2      | Reached XP level 4. HP: 30/30 MP: 7/7
  2485 | D:3      | Learned a level 3 spell: Tukima's Dance
  3141 | D:3      | Found a burning altar of Makhleb.
  3145 | D:3      | Noticed a green death
  3146 | D:3      | Found a glowing silver altar of Zin.
  3146 | D:3      | Noticed an angel
  3240 | D:3      | Killed from afar by an orc priest

Skill      XL: |  1  2  3  4 |
---------------+-------------+-----
Short Blades   | 2 3 4 |  4.0
Hexes          | 5 |  5.8
Dodging        | |  2.1
Stealth        | |  4.6
Spellcasting   | |  2.2

Action                   |  1- 3 |  4- 6 || total
-------------------------+-------+-------++-------
Melee: Dagger            |   106 |   107 ||   213
       Bite              |    10 |     4 ||    14
 Cast: Corona            |    21 |     7 ||    28
       Confuse           |     3 |    10 ||    13
       Tukima's Dance    |       |     2 ||     2
  Use: Potion            |     2 |     4 ||     6
 Stab: Sleeping          |    18 |     5 ||    23
       Confused          |     1 |     5 ||     6
Armor: Robe              |    22 |     9 ||    31
Dodge: Dodged            |    69 |    51 ||   120
